 Dungeon Crawl Stone Soup version 0.18-a0-965-g9200175 (webtiles) character file.

480 root the Shield-Bearer (level 6, -1/52 HPs)
             Began as a Demigod Fighter on Jan 1, 2016.
             Slain by an ogre
             ... wielding a +0 giant spiked club
              (3 damage)
             ... on level 4 of the Dungeon.
             The game lasted 00:11:20 (3019 turns).

root the Shield-Bearer (Demigod Fighter)            Turns: 3019, Time: 00:11:20

Health: -1/52      AC:  8    Str: 19    XL:     6   Next: 55%
Magic:  0/8        EV:  6    Int: 12    God:
Gold:   304        SH: 11    Dex: 19    Spells: 0 memorised, 5 levels left

rFire  . . .     SeeInvis .     a - +0 long sword
rCold  . . .     Gourm    .     b - +0 scale mail
rNeg   . . .     Faith    .     c - +1 shield
rPois  +         Spirit   +     m - +0 helmet
rElec  .         Dismiss  .     (no cloak)
rCorr  .         Reflect  .     (no gloves)
SustAt +         Harm     .     (no boots)
MR     .....                    o - amulet of guardian spirit
Stlth  ..........               q - ring of poison resistance
                                l - -3 ring of evasion (curse)

@: not resistant to hostile enchantments, extremely unstealthy
A: high mp 1, sustain attributes
a: no special abilities


You were on level 4 of the Dungeon.
You were not hungry.

You visited 1 branch of the dungeon, and saw 4 of its levels.

You collected 304 gold pieces.

Inventory:

Hand Weapons
 a - a +0 long sword (weapon)
Armour
 b - a +0 scale mail (worn)
 c - a +1 shield (worn)
 m - a +0 helmet (worn)
Jewellery
 l - a cursed -3 ring of evasion (left hand)
 o - an amulet of guardian spirit (around neck)
 q - a ring of poison resistance (right hand)
Wands
 r - a wand of random effects (22/48)
 s - a wand of random effects (30/48)
 t - a wand of digging (10/24)
Scrolls
 k - 2 scrolls of teleportation
 p - a scroll of enchant armour
 u - a scroll of recharging {unknown}
 v - a scroll of identify {unknown}
 y - 3 scrolls of amnesia {unknown}
Potions
 d - a potion of might
 e - 5 potions of curing {unknown}
 g - a potion of resistance {unknown}
 n - a potion of ambrosia {unknown}
 x - a potion of degeneration {unknown}
 z - a potion of lignification {unknown}
Comestibles
 f - 3 bread rations
 h - 2 beef jerkies
 i - 2 royal jellies
 j - 2 meat rations
 w - a chunk of flesh


   Skills:
 + Level 4.0 Fighting
 + Level 3.1 Long Blades
 + Level 3.9 Armour
 + Level 2.2 Dodging
 + Level 4.3 Shields


You had 5 spell levels left.
You didn't know any spells.

Dungeon Overview and Level Annotations

Branches:
Dungeon (4/15)
 Temple: D:4-7


Innate Abilities, Weirdness & Mutations

You have an increased reservoir of magic (+10% MP).
Your attributes are resistant to harm.


Message History

The ogre hits you with a giant spiked club!
You hit the ogre.
The ogre is heavily wounded.
You slash the ogre!
The ogre is severely wounded.
The ogre hits you with a giant spiked club.
You hit the ogre.
The ogre is almost dead.
The ogre hits you with a giant spiked club!!
* * * LOW HITPOINT WARNING * * *
You hit the ogre but do no damage.
The ogre is almost dead.
You block the ogre's attack.
You hit the ogre.
The ogre is almost dead.
The ogre barely misses you.
You hit the ogre.
The ogre is almost dead.
The ogre hits you with a giant spiked club.
You die...

######..# #........
## ... #..........
... ...."...#. ....
.........###..
........#.#.#
#.......#..#
#.......O..#
#####.###@.#
#.#...># #.#.##.#
#.#.##.# #
#......####
#.#######.<.....#
#.##...........###.#
#........#####.# ..
#..#..##.# #.# ##


You could see an ogre.

Vanquished Creatures
  Grinder (D:3)
  2 orc priests (D:3)
  Natasha (thrice) (D:2)
  Robin (D:2)
  5 adders
  An ooze (D:3)
  4 worms
  3 giant geckos
  6 orcs (D:3)
  7 bats
  4 giant cockroaches
  16 goblins
  14 hobgoblins
  3 jackals (D:3)
  5 kobolds
  2 quokkas
  3 ball pythons
  4 giant newts
  12 rats
96 creatures vanquished.

Notes
Turn   | Place    | Note
--------------------------------------------------------------
     0 | D:1      | root the Demigod Fighter began the quest for the Orb.
     0 | D:1      | Reached XP level 1. HP: 18/18 MP: 3/3
   315 | D:1      | Reached XP level 2. HP: 25/25 MP: 4/4
   318 | D:1      | Reached skill level 3 in Shields
   945 | D:2      | Reached XP level 3. HP: 31/31 MP: 5/5
   949 | D:2      | Found a shimmering altar of Xom.
   983 | D:2      | Noticed Natasha
   992 | D:2      | Killed Natasha
  1043 | D:2      | Noticed Natasha
  1047 | D:2      | Killed Natasha
  1047 | D:2      | Reached XP level 4. HP: 31/38 MP: 6/6
  1117 | D:2      | Noticed Natasha
  1123 | D:2      | Reached skill level 1 in Dodging
  1132 | D:2      | Killed Natasha
  1232 | D:2      | Noticed Robin
  1253 | D:2      | Killed Robin
  1378 | D:2      | Found an ancient bone altar of Kikubaaqudgha.
  1631 | D:3      | Reached XP level 5. HP: 45/45 MP: 7/7
  1927 | D:3      | Reached skill level 4 in Shields
  2348 | D:3      | Noticed Grinder
  2545 | D:3      | Killed Grinder
  2545 | D:3      | Reached XP level 6. HP: 33/52 MP: 5/8
  3016 | D:4      | HP: 1/52 [ogre/giant spiked club (18)]
  3019 | D:4      | Slain by an ogre

Vault maps used:
D:1:      evilmike_arrival_run_for_it, minmay_vboxes
D:2:      nicolae_overflow_hidden_temple, xom_butterflies, uniq_robin,
          uniq_natasha
D:3:      uniq_grinder
D:4:      first_bread, nicolae_ashenzari_panopticon

Action                   |  1- 3 |  4- 6 || total
-------------------------+-------+-------++-------
Melee: Long sword        |   121 |   240 ||   361
  Use: Scroll            |     2 |     4 ||     6
  Eat: Chunk             |     1 |     7 ||     8
